 Dungeon Crawl Stone Soup version 0.28-a0-852-gbbce81c95b (webtiles) character file.

Game seed: 8815081901011912391

29 Octon the Sneak (level 3, -4/28 HPs)
             Began as a Merfolk Brigand on Nov 15, 2021.
             Frozen to death by an endoplasm (5 damage)
             ... on level 2 of the Dungeon.
             The game lasted 00:06:42 (1050 turns).

Octon the Sneak (Merfolk Brigand)                   Turns: 1050, Time: 00:06:42

Health: -4/28      AC:  4    Str: 11    XL:     3   Next: 16%
Magic:  3/3        EV: 11    Int: 10    God:
Gold:   84         SH:  0    Dex: 16    Spells: 2/2 levels left

rFire   . . .      SeeInvis .   a - +2 dagger
rCold   . . .      Faith    .   (no shield)
rNeg    . . .      Spirit   .   j - +0 leather armour
rPois   .          Reflect  .   (no helmet)
rElec   .          Harm     .   c - +0 cloak
rCorr   .          Rampage  .   (no gloves)
Will    .....                   (no boots)
Stlth   +++.......              (no amulet)
HPRegen 0.09/turn               (no ring)
MPRegen 0.08/turn               (no ring)

@: no status effects
A: (nimble swimmer 2), mertail
a: no special abilities


You were on level 2 of the Dungeon.
You visited 1 branch of the dungeon, and saw 2 of its levels.

You collected 84 gold pieces.

Inventory:

Hand Weapons
 a - a +2 dagger (weapon)
Missiles
 d - 8 poisoned darts (quivered)
 e - 2 curare-tipped darts
Armour
 b - a +0 robe
 c - a +0 cloak (worn)
 g - a +0 robe
 j - a +0 leather armour (worn)
Potions
 f - a potion of curing {unknown}
 h - a potion of degeneration {unknown}


   Skills:
 + Level 2.3 Fighting
 + Level 2.8 Short Blades
 + Level 2.1 Throwing
 + Level 0.2 Armour
 + Level 1.4 Dodging
 + Level 5.1 Stealth


You had 2 spell levels left.
You didn't know any spells.
Your spell library was empty.

Dungeon Overview and Level Annotations

Branches:
Dungeon (2/15)

Altars:


Innate Abilities, Weirdness & Mutations

((You are quick and stealthy near water. (Stealth+, EV+, Speed+++)))
Your lower body shifts to a powerful aquatic tail in water.


Message History

You hit the worm.
The worm is severely wounded.
The worm barely misses you. The endoplasm freezes you.
You are frozen.
* * * LOW HITPOINT WARNING * * *
You hit the worm.
The worm is severely wounded.
You hit the worm.
The worm is almost dead.
The endoplasm freezes you.
You are frozen.
* * * LOW HITPOINT WARNING * * *
The worm bites you.
* * * LOW HITPOINT WARNING * * *
The endoplasm freezes you.
You are frozen.
* * * LOW HITPOINT WARNING * * *
You hit the endoplasm but do no damage.
The endoplasm hits you but does no damage.
You hit the endoplasm.
The endoplasm is heavily wounded.
You hit the endoplasm.
The endoplasm is severely wounded.
The endoplasm freezes you.
You are frozen.
* * * LOW HITPOINT WARNING * * *
You hit the endoplasm.
The endoplasm is severely wounded.
The endoplasm barely misses you. The endoplasm closely misses you.
You barely miss the endoplasm.
The endoplasm is severely wounded.
The endoplasm hits you but does no damage.
The endoplasm barely misses you.
You hit the endoplasm but do no damage.
The endoplasm is severely wounded.
The endoplasm freezes you.
You are frozen.
You die...

#..#.#.##.. #.#...#
#+.....##.#.#.#.#.#
...#.#..#.#.....#.#
$.......##.#######.#########
.........+.(....................#
.........#.#####.#############.##
.........#.#....).....# #.#
....... #.#.###.####.# #.# ......
#.#.###@# #.# #.# ....# #.....J.#
#.# #.# ....######.....w.# #.#
#.# .................#
#.########.## #................#
#.##........# #................#
#.##.######## ........##.......#
#.##.# .....$...........# #....#
...............### ######


You could see a worm and an endoplasm.

Vanquished Creatures
  2 ball pythons
  3 endoplasms
  5 giant cockroaches
  A goblin (D:1)
  A hobgoblin (D:1)
  A quokka (D:2)
  4 bats
  2 frilled lizards
  6 kobolds
  A rat (D:2)
26 creatures vanquished.

Notes
Turn   | Place    | Note
-------+----------+-------------------------------------------
     0 | D:1      | Octon the Merfolk Brigand began the quest for the Orb.
     0 | D:1      | Reached XP level 1. HP: 16/16 MP: 1/1
   178 | D:1      | Reached XP level 2. HP: 13/23 MP: 2/2
   661 | D:1      | Reached skill level 5 in Stealth
   820 | D:2      | Reached XP level 3. HP: 21/28 MP: 3/3
  1044 | D:2      | HP: 1/28 [frozen (2)]
  1050 | D:2      | Frozen to death by an endoplasm

Illustrated notes

Levels and vault maps discovered:
D:1:      wander_arrival_estate, layout_basic, minmay_misc_feat_diagonals,
          hex_large, minmay_worlds_worst_comb
D:2:      layout_basic, basic_altar, serial_glass, glass_columns_b,
          glass_columns_a, glass_columns_a, glass_columns_c, glass_columns_c,
          glass_columns_a, minmay_misc_feat_ornament, minmay_misc_feat_tiny

Skill      XL: |  1  2 |
---------------+-------+-----
Stealth        | 5 |  5.1
Fighting       | |  2.3
Short Blades   | |  2.8
Throwing       | |  2.1
Armour         | |  0.2
Dodging        | |  1.4

Action                   || total
-------------------------++-------
Melee: Dagger            ||   104
  Use: Scroll            ||     1
 Stab: Sleeping          ||     5
Armor: Robe              ||    11
       Leather armour    ||    25
Dodge: Dodged            ||    57

Table legend: (Time is in decaauts)
 A = Elapsed time spent in this place.
 B = Non-inter-level travel time spent in this place.
 C = Inter-level travel time spent in this place.
 D = Time resting spent in this place.
 E = Time spent auto-exploring this place.
 F = Levels seen in this place.
 G = Mean time per level.
                   A        B        C        D        E       F      G
               +--------+--------+--------+--------+--------+-----+--------+
         Total |   1036 |    300 |    736 |      0 |      0 |   2 |  518.0 |
       Dungeon |   1036 |    300 |    736 |      0 |      0 |   2 |  518.0 |
               +--------+--------+--------+--------+--------+-----+--------+

Top non-repeatable levels by time:
     D:1: 679 daAuts
     D:2: 356 daAuts
